 Dungeon Crawl Stone Soup version 0.22.1-1-ga44c0e5 (webtiles) character file.

428 Starchild the Slasher (level 7, 0/50 HPs)
             Began as a Formicid Gladiator on Oct 9, 2018.
             Slain by a bullfrog skeleton (3 damage)
             ... on level 5 of the Dungeon.
             The game lasted 00:13:15 (3394 turns).

Starchild the Slasher (Formicid Gladiator)          Turns: 3394, Time: 00:13:16

Health: 0/50       AC:  3    Str: 18    XL:     7   Next: 18%
Magic:  7/7        EV: 12    Int:  8    God:
Gold:   133        SH:  4    Dex: 14    Spells: 6/6 levels left

rFire    . . .     SeeInvis +   a - +0 long sword
rCold    + . .     Gourm    .   f - +0 buckler
rNeg     . . .     Faith    .   b - +0 leather armour
rPois    .         Spirit   .   (helmet unavailable)
rElec    .         Reflect  .   (no cloak)
rCorr    .         Harm     .   (no gloves)
MR       .....                  (no boots)
Stlth    +.........             (no amulet)
HPRegen  0.16/turn              p - ring of flight
MPRegen  0.10/turn              y - ring of protection from cold

@: no status effects
A: permanent stasis, dig shafts and tunnels, four strong arms, antennae 3
a: Dig, Shaft Self, Evoke Flight


You were on level 5 of the Dungeon.
You were not hungry.

You visited 1 branch of the dungeon, and saw 5 of its levels.

You collected 196 gold pieces.
You spent 63 gold pieces at shops.

Inventory:

Hand Weapons
 a - a +0 long sword (weapon)
 s - a +4 hunting sling
Missiles
 c - 3 throwing nets
 e - 168 stones
 m - 3 sling bullets
 u - 11 tomahawks (quivered)
Armour
 b - a +0 leather armour (worn)
 f - a +0 buckler (worn)
Jewellery
 p - a ring of flight (left hand)
 v - an uncursed ring of stealth
 y - a ring of protection from cold (right hand)
Scrolls
 g - a scroll of fog
 j - 4 scrolls of remove curse
 k - a scroll of identify
 l - a scroll of magic mapping
 o - a scroll of enchant armour {unknown}
 r - 2 scrolls of amnesia
Potions
 h - 2 potions of curing
 i - a potion of resistance
 n - a potion of cancellation {unknown}
 q - 2 potions of heal wounds {unknown}
 t - a potion of berserk rage {unknown}
 w - a potion of agility {unknown}
 x - a potion of lignification {unknown}
Comestibles
 d - 8 rations


   Skills:
 - Level 2.1 Fighting
 + Level 7.4 Long Blades
 - Level 2.0 Throwing
 - Level 2.6 Dodging
 * Level 1.6 Shields


You had 6 spell levels left.
You didn't know any spells.
Your spell library was empty.

Dungeon Overview and Level Annotations

Branches:
Dungeon (5/15)
 Temple: D:4-7

Altars:
Ashenzari
Gozag
Yredelemnul

Shops:
D:4 *


Innate Abilities, Weirdness & Mutations

You cannot be hasted, slowed, berserked, paralysed or teleported.
You can dig through walls and to a lower floor.
Your four strong arms can wield two-handed weapons with a shield.
You have a pair of large antennae on your head. (SInv)


Message History

You completely miss the bullfrog skeleton.
The bullfrog skeleton barely misses you.
You hit the bullfrog skeleton.
The bullfrog skeleton is lightly damaged.
The bullfrog skeleton hits you.
* * * LOW HITPOINT WARNING * * *
The bullfrog skeleton misses you.
You hit the bullfrog skeleton.
The bullfrog skeleton is lightly damaged.
The bullfrog skeleton misses you.
You slash the bullfrog skeleton!
The bullfrog skeleton is heavily damaged.
The bullfrog skeleton hits you.
* * * LOW HITPOINT WARNING * * *
You hit the bullfrog skeleton.
The bullfrog skeleton is severely damaged.
The bullfrog skeleton hits you.
* * * LOW HITPOINT WARNING * * *
The bullfrog skeleton hits you.
You die...

.# #.# #.#
#########.#
'.......#.#######
. #.#.......#
....####@#.......#
(.(..(.Z.....###.#
.#<(##.#.#.#.....#
#.#.....###.#
#.#.....# #.#
Z.#..#.## #.#
###..#.####.#
..######........##
..........#.###.#


You could see a bullfrog skeleton.

Vanquished Creatures
  A howler monkey (D:5)
  An orc wizard (D:4)
  2 orc priests
  3 hounds (D:4)
  2 worker ants (D:4)
  A hound skeleton (D:4)
  4 adders
  2 gnolls (D:5)
  4 worms
  A dart slug (D:2)
  2 leopard geckos
  10 orcs
  5 bats
  5 giant cockroaches
  8 goblins
  5 hobgoblins
  8 jackals
  4 kobolds
  A quokka (D:4)
  A ball python (D:4)
  2 frilled lizards (D:1)
  A leopard gecko skeleton (D:4)
  5 rats
78 creatures vanquished.

Notes
Turn   | Place    | Note
-------+----------+-------------------------------------------
     0 | D:1      | Starchild the Formicid Gladiator began the quest for the
                  | Orb.
     0 | D:1      | Reached XP level 1. HP: 16/16 MP: 1/1
   129 | D:1      | Reached XP level 2. HP: 22/22 MP: 2/2
   405 | D:2      | Reached skill level 4 in Long Blades
   405 | D:2      | Reached XP level 3. HP: 27/27 MP: 3/3
   774 | D:2      | Reached XP level 4. HP: 33/33 MP: 4/4
   800 | D:2      | Found a shattered altar of Ashenzari.
   802 | D:2      | Found a basalt altar of Yredelemnul.
   804 | D:2      | Found an opulent altar of Gozag.
  1193 | D:3      | Reached skill level 5 in Long Blades
  1193 | D:3      | Reached XP level 5. HP: 8/38 MP: 5/5
  2188 | D:4      | Reached skill level 6 in Long Blades
  2200 | D:4      | Reached XP level 6. HP: 38/44 MP: 6/6
  2551 | D:4      | Found Casacosa's General Store.
  2557 | D:4      | Bought a +0 buckler for 63 gold pieces
  2881 | D:4      | Reached skill level 7 in Long Blades
  2881 | D:4      | Reached skill level 1 in Shields
  3041 | D:4      | Reached XP level 7. HP: 50/50 MP: 7/7
  3306 | D:5      | Entered Level 5 of the Dungeon
  3394 | D:5      | Slain by a bullfrog skeleton

Skill      XL: |  1  2  3  4  5  6 |
---------------+-------------------+-----
Long Blades    | 4 5 6 7 |  7.4
Shields        | 1 |  1.6
Fighting       | |  2.1
Throwing       | |  2.0
Dodging        | |  2.6

Action                   |  1- 3 |  4- 6 |  7- 9 || total
-------------------------+-------+-------+-------++-------
Melee: Long sword        |    67 |   108 |    16 ||   191
 Fire: Hunting sling     |       |    48 |    14 ||    62
Throw: Stone             |    12 |     2 |       ||    14
 Abil: Dig               |     4 |     2 |       ||     6
  Use: Scroll            |     2 |     7 |       ||     9
       Potion            |       |     1 |       ||     1
 Stab: Sleeping          |     1 |     1 |       ||     2
  Eat: Chunk             |       |     7 |     2 ||     9
Armor: Leather armour    |    18 |    24 |       ||    42
Dodge: Dodged            |    59 |    58 |     9 ||   126
Block: Buckler           |       |     3 |     3 ||     6
       Rpst.: Long sword |    25 |    12 |     1 ||    38
